 Seeded DCSS version 0.28.0-62-gf88900778d (webtiles) character file.

Game seed: 9115114098045787182 (custom seed)

2133 cbfl8 the Spear-Bearer (level 9, -1/66 (69) HPs)
             Began as a Merfolk Berserker on July 6, 2023.
             Was a Priest of Trog.
             Slain by a vampire mosquito (4 damage)
             ... on level 7 of the Dungeon.
             The game lasted 00:07:30 (6822 turns).

cbfl8 the Spear-Bearer (Merfolk Berserker)          Turns: 6822, Time: 00:07:31

HP:   -1/66 (69)    AC: 17    Str: 17    XL:     9   Next: 30%
MP:   9/9           EV:  2    Int:  6    God:    Trog [***...]
Gold: 259           SH:  0    Dex: 18    Spells: 8/8 levels left

rFire   + . .      SeeInvis .   k - +0 trident
rCold   + . .      Faith    .   (no shield)
rNeg    . . .      Spirit   .   h - +0 gold dragon scales
rPois   +          Reflect  .   (no helmet)
rElec   .          Harm     .   (no cloak)
rCorr   .          Rampage  .   d - +0 pair of gloves
Will    .....                   u - +0 pair of boots
Stlth   ..........              (no amulet)
HPRegen 0.21/turn               n - ring of flight
MPRegen 0.11/turn               (no ring)

@: about to teleport, on berserk cooldown, flying, slowed, lightly drained, very
slow
A: (nimble swimmer 2), mertail
a: Renounce Religion, Berserk, Trog's Hand


You were on level 7 of the Dungeon.
You worshipped Trog.
Trog was most pleased with you.
You visited 1 branch of the dungeon, and saw 7 of its levels.
You also visited: Sewer.

You collected 259 gold pieces.

Inventory:

Hand Weapons
 k - a +0 trident (weapon)
Missiles
 q - 3 boomerangs
Armour
 d - a +0 pair of gloves (worn)
 h - +0 gold dragon scales (worn)
 u - a +0 pair of boots (worn)
Jewellery
 n - a ring of flight (left hand)
Wands
 p - a wand of charming (15) (quivered)
Scrolls
 a - 2 scrolls of blinking
 b - 2 scrolls of noise
 c - 3 scrolls of enchant weapon
 e - a scroll of fog
 i - a scroll of teleportation
 m - a scroll of silence
 o - a scroll of summoning
Potions
 f - a potion of curing
 g - a potion of cancellation {unknown}
 j - a potion of resistance {unknown}
 l - a potion of lignification {unknown}
 r - 2 potions of flight {unknown}
 s - a potion of haste {unknown}
 t - a potion of heal wounds {unknown}


   Skills:
 + Level 6.0 Fighting
 + Level 10.0 Polearms
 * Level 6.0 Armour
 - Level 2.6 Dodging
 + Level 0.5 Stealth
 * Level 4.5 Evocations


You had 8 spell levels left.
You didn't know any spells.
Your spell library was empty.

Dungeon Overview and Level Annotations

Branches:
Dungeon (7/15)             Temple (0/1) D:4           Sewer (visited)

Altars:


Innate Abilities, Weirdness & Mutations

((You are very nimble when in or above water. (Stealth+, EV+, Speed+++)))
Your lower body shifts to a powerful aquatic tail in water.


Message History

The vampire mosquito is heavily damaged.
The vampire mosquito bites you but does no damage.
You miss the vampire mosquito.
The vampire mosquito is heavily damaged.
The vampire mosquito bites you but does no damage.
You hit the vampire mosquito.
The vampire mosquito is heavily damaged.
The vampire mosquito bites you but does no damage.
The orc warrior hits you but does no damage.
The vampire mosquito bites you but does no damage.
You miss the vampire mosquito.
The vampire mosquito is heavily damaged.
You miss the vampire mosquito.
The vampire mosquito is heavily damaged.
The vampire mosquito bites you!
The vampire mosquito draws strength from your injuries!
The orc warrior hits you but does no damage.
You puncture the vampire mosquito!
The vampire mosquito is heavily damaged.
The vampire mosquito bites you but does no damage.
The vampire mosquito barely misses you.
You closely miss the vampire mosquito.
The vampire mosquito is heavily damaged.
The orc warrior hits you from afar with a +0 trident!
* * * LOW HITPOINT WARNING * * *
The vampire mosquito bites you!
* * * LOW HITPOINT WARNING * * *
The vampire mosquito draws strength from your injuries!
You feel a strong urge to attack something.
You are no longer berserk.
You are exhausted.
You feel yourself slow down.
There are monsters nearby!
As you read the scroll of teleportation, it crumbles to dust.
You feel strangely unstable. The vampire mosquito bites you.
* * * LOW HITPOINT WARNING * * *
The vampire mosquito draws strength from your injuries!
The vampire mosquito bites you but does no damage.
The vampire mosquito bites you.
You die...

# ######### ...
########.......#
.....####.....##......^#
....yo.oy@.............#
....o####.....##.......#
... #.....##.......# .
#.....##.......#
#.....##.......#
#.....##.......#
########.......#
#.......# #.......#


You could see an orc warrior, 2 vampire mosquitoes, an orc priest and an orc.

Vanquished Creatures
  Maggie (D:6)
  The ghost of yourfavgirlally the Covert, an amateur OpBr of Uskayaw (D:3)
  A vampire mosquito (D:7)
  Menkaure (D:4)
  A water moccasin (D:6)
  Pargi (Sewer)
  An ice beast (D:5)
  A phantom (D:5)
  2 bullfrogs
  2 scorpions
  A howler monkey (D:6)
  5 wights (D:7)
  A bullfrog zombie (D:6)
  2 hounds (D:6)
  2 bullfrog skeletons
  2 orc priests
  Jessica (D:3)
  2 iguanas (D:5)
  4 orc wizards
  5 adders
  2 shadow imps
  2 white imps
  An adder skeleton (D:4)
  A worm (D:3)
  3 dart slugs
  13 orcs
  7 endoplasms
  5 giant cockroaches
  7 goblins
  3 hobgoblins
  7 jackals
  5 quokkas
  8 ball pythons
  9 bats
  6 frilled lizards
  10 kobolds
  3 rats (D:1)
129 creatures vanquished.

Vanquished Creatures (others)
  An orc wizard (D:5)
1 creature vanquished.

Grand Total: 130 creatures vanquished

Notes
Turn   | Place    | Note
-------+----------+-------------------------------------------
     0 | D:1      | cbfl8 the Merfolk Berserker began the quest for the Orb.
     0 | D:1      | Reached XP level 1. HP: 18/18 MP: 1/1
    21 | D:1      | Reached XP level 2. HP: 22/24 MP: 2/2
   215 | D:1      | Reached ** piety under Trog
   216 | D:1      | Reached skill level 1 in Evocations
   299 | D:1      | Reached XP level 3. HP: 30/30 MP: 3/3
   367 | D:1      | Reached skill level 5 in Polearms
  1170 | D:2      | Reached XP level 4. HP: 37/37 MP: 4/4
  1303 | D:2      | Found a faded altar of an unknown god.
  1717 | D:3      | Found a runed translucent door.
  1717 | D:3      | Noticed yourfavgirlally's ghost (amateur OpBr)
  1804 | D:3      | Noticed Jessica
  1812 | D:3      | Killed Jessica
  1813 | D:3      | Reached XP level 5. HP: 30/42 MP: 5/5
  1991 | D:3      | Reached *** piety under Trog
  2515 | D:3      | Killed yourfavgirlally's ghost
  2516 | D:3      | Reached skill level 6 in Polearms
  2516 | D:3      | Reached XP level 6. HP: 49/49 MP: 6/6
  2552 | D:4      | Found a staircase to the Ecumenical Temple.
  2666 | D:4      | Noticed Menkaure
  2676 | D:4      | Killed Menkaure
  2677 | D:4      | Reached skill level 7 in Polearms
  2677 | D:4      | Reached XP level 7. HP: 24/55 MP: 7/7
  3626 | D:5      | Entered Level 5 of the Dungeon
  3819 | D:5      | Found a glowing drain.
  3831 | D:5      | Reached skill level 5 in Fighting
  3841 | Sewer    | Entered a sewer
  4175 | Sewer    | Noticed Pargi
  4197 | Sewer    | Killed Pargi
  4395 | D:5      | Reached skill level 8 in Polearms
  4395 | D:5      | Reached XP level 8. HP: 59/62 MP: 8/8
  5491 | D:6      | Reached skill level 9 in Polearms
  5739 | D:6      | Reached skill level 5 in Armour
  5908 | D:6      | Noticed Maggie
  6057 | D:6      | Killed Maggie
  6058 | D:6      | Reached XP level 9. HP: 69/69 MP: 9/9
  6812 | D:7      | Reached skill level 10 in Polearms
  6822 | D:7      | HP: 3/66 [vampire mosquito (5)]
  6822 | D:7      | Slain by a vampire mosquito

Illustrated notes

Levels and vault maps discovered:
D:1:      heliophobic_arrival_henge, layout_rooms, minmay_heptomino_d4
D:2:      layout_loops_ring, chequers_ecumenical_altar_grove,
          nicolae_underground_beach
D:3:      layout_loops_ring, hellmonk_ghost_happy_afterlife, uniq_jessica
D:4:      layout_rooms, temple_fountains, uniq_menkaure
D:5:      layout_loops_corners, portal_sewer_entry_d, minmay_misc_feat_rows,
          hangedman_abyss_or_decor_stabs, minmay_misc_feat_five
D:6:      layout_basic, uniq_maggie
D:7:      layout_basic, mainiacjoe_overflow_concentric_impassable, serial_shops,
          nicolae_shop_stone, uniq_joseph

Skill      XL: |  1  2  3  4  5  6  7  8  9 |
---------------+----------------------------+-----
Evocations     | 1 2 3 4 |  4.5
Polearms       | 5 6 7 8 9 10 | 10.0
Fighting       | 4 5 6 |  6.0
Armour         | 2 3 4 5 6 |  6.0
Dodging        | |  2.6
Stealth        | |  0.5

Action                   |  1- 3 |  4- 6 |  7- 9 || total
-------------------------+-------+-------+-------++-------
Melee: Spear             |   118 |   123 |    26 ||   267
       Punch             |       |     2 |     7 ||     9
       Trident           |       |       |   353 ||   353
       Tailslap          |       |       |     3 ||     3
Invok: Berserk           |     1 |     1 |     7 ||     9
       Trog's Hand       |       |       |     1 ||     1
Evoke: Wand              |       |       |     1 ||     1
  Use: Scroll            |       |     5 |     5 ||    10
       Potion            |       |       |     4 ||     4
 Stab: Sleeping          |     1 |       |       ||     1
Armor: Animal skin       |    16 |       |       ||    16
       Gold dragon scale |    17 |    64 |   283 ||   364
Dodge: Dodged            |    36 |     5 |    35 ||    76
